 Dungeon Crawl Stone Soup version 0.31-a0-664-g902f515a81 (webtiles) character file.

Game seed: 4015990468000017899

4 mopl the Vexing (level 1, -1/10 HPs)
             Began as a Deep Elf Enchanter on Sept 2, 2023.
             Slain by a kobold
             ... wielding a +0 whip
              (5 damage)
             ... on level 1 of the Dungeon.
             The game lasted 00:00:26 (156 turns).

mopl the Vexing (Deep Elf Enchanter)                 Turns: 156, Time: 00:00:27

Health: -1/10      AC:  2    Str:  5    XL:     1   Next: 58%
Magic:  9/15       EV: 12    Int: 19    God:
Gold:   0          SH:  0    Dex: 15    Spells: 6/6 levels left

rFire   . . .        a - +1 dagger
rCold   . . .        (no shield)
rNeg    . . .        b - +0 robe
rPois   .            (no helmet)
rElec   .            (no cloak)
rCorr   .            (no gloves)
SInv    .            (no boots)
Will    .....        (no amulet)
Stlth   +++          f - ring of magical power
HPRegen 0.21/turn    (no ring)
MPRegen 0.14/turn

%: no passive effects
@: no status effects
A: no striking features
a: no special abilities


You were on level 1 of the Dungeon.
You visited 1 branch of the dungeon, and saw 1 of its levels.

Inventory:

Hand Weapons
 a - a +1 dagger (weapon)
Armour
 b - a +0 robe (worn)
Jewellery
 f - a ring of magical power (left hand)
Scrolls
 e - a scroll of enchant weapon {unknown}
Potions
 c - 2 potions of invisibility
 d - 2 potions of degeneration {unknown}


   Skills:
 + Level 0.2 Fighting
 + Level 1.1 Short Blades
 - Level 2.4 Dodging
 + Level 3.7 Stealth
 + Level 3.1 Spellcasting
 + Level 4.1 Hexes


You had 6 spell levels left.
You didn't know any spells.
Your spell library contained the following spells:

 Spells                   Type           Power      Damage    Failure   Level
 Confusing Touch          Hex            18%        N/A       9%          3
 Tukima's Dance           Hex            18%        N/A       9%          3
 Ensorcelled Hibernation  Hex/Ice        20%        N/A       10%         2
 Dazzling Flash           Conj/Hex       20%        N/A       19%         3


Dungeon Overview and Level Annotations

Branches:
Dungeon (1/15)

Altars:


Message History

A gnoll comes into view. It is wielding a +0 whip.
A kobold comes into view. It is wielding a +0 whip.
The kobold shouts!
An endoplasm comes into view.
A frilled lizard and a quokka come into view.
The gnoll hits the plant with a +0 whip.
The plant begins to die.
The gnoll shouts!
The frilled lizard hisses angrily.
An endoplasm comes into view.
The gnoll hits you but does no damage.
You hit the gnoll.
The gnoll is moderately wounded.
The endoplasm hits the plant.
The plant begins to die.
The gnoll hits you with a +0 whip.
You hit the gnoll.
The gnoll is moderately wounded.
The endoplasm hits the plant.
The gnoll hits you with a +0 whip.
You are too injured to fight recklessly!
You are too injured to fight recklessly!
You are too injured to fight recklessly!
You are too injured to fight recklessly!
You are too injured to fight recklessly!
Unknown command.
The endoplasm hits the plant.
The plant begins to die.
A nearby plant withers and dies.
The kobold attacks as it pursues you! The kobold closely misses you.
A nearby plant withers and dies.
The frilled lizard hisses angrily.
The quokka twitches its whiskers.
The gnoll attacks as it pursues you! The gnoll hits you with a +0 whip.
* * * LOW HITPOINT WARNING * * *
The kobold attacks as it pursues you! The kobold misses you.
The kobold attacks as it pursues you! The kobold hits you with a +0 whip.
* * * LOW HITPOINT WARNING * * *
Found 9 gold pieces.
The kobold attacks as it pursues you! The kobold misses you.
Found a stone staircase leading down.
The kobold attacks as it pursues you! The kobold hits you with a +0 whip.
Ouch! That really hurt!
You die...

#.#.............
#.#.............
#.#............#
####.##...........#
.....###.....#.# .#
##....#...l###.# .# .
##......J.l.g.r##.# ...
##.....#######..#.#....#
##....## #.K@.....#
#....# ##....#....#
#....#####......# .$...
#...l............ ....
#.##..P.PPP.....#. ...
... #....P..P.####.. .>
... #..P........ . . ...
#....PP.P..# .
#.....P..P...


You could see a gnoll, a quokka, a kobold and a frilled lizard.

Vanquished Creatures
  An endoplasm (D:1)
  A giant cockroach (D:1)
  A ball python (D:1)
  A kobold (D:1)
  A rat (D:1)
5 creatures vanquished.

Notes
Turn   | Place    | Note
-------+----------+-------------------------------------------
     0 | D:1      | mopl the Deep Elf Enchanter began the quest for the Orb.
     0 | D:1      | Reached XP level 1. HP: 10/10 MP: 6/6
   156 | D:1      | Slain by a kobold

Illustrated notes

Levels and vault maps discovered:
D:1:      nicolae_arrival_memento_mori, layout_rooms, corner_web_ring,
          nicolae_grassy_gnolls

Action                     || total
---------------------------++-------
  Melee: Dagger            ||    18
 Armour: Robe              ||    14
  Dodge: Dodged            ||     9

Table legend: (Time is in decaauts)
 A = Elapsed time spent in this place.
 B = Non-inter-level travel time spent in this place.
 C = Inter-level travel time spent in this place.
 D = Time resting spent in this place.
 E = Time spent auto-exploring this place.
 F = Levels seen in this place.
 G = Mean time per level.
                   A        B        C        D        E       F      G
               +--------+--------+--------+--------+--------+-----+--------+
         Total |    154 |    154 |      0 |      0 |     92 |   1 |  154.0 |
       Dungeon |    154 |    154 |      0 |      0 |     92 |   1 |  154.0 |
               +--------+--------+--------+--------+--------+-----+--------+

Top non-repeatable levels by time:
     D:1: 154 daAuts
